 Dungeon Crawl Stone Soup version 0.11.2-9-g588ca46 (console) character file.

1734781 mursu the Heavyweight Champion (level 27, 195/295 HPs)
             Began as a Troll Warper on Feb 13, 2013.
             Was a High Priest of Cheibriados.
             Escaped with the Orb
             ... and 3 runes on Feb 24, 2013!
             The game lasted 15:20:02 (73250 turns).

mursu the Heavyweight Champion (Troll Warper)      Turns: 73250, Time: 15:20:03

HP 195/295       AC 24     Str 44      XL: 27
MP  31/34        EV 32     Int 33      God: Cheibriados [*****.]
Gold 6645        SH 35     Dex 26      Spells: 13 memorised,  0 levels left

Res.Fire  : + . .   See Invis. : .     - Unarmed
Res.Cold  : x . .   Warding    : +   r - +6 mottled dragon armour
Life Prot.: + . .   Conserve   : +   J - +5 shield "Uphaehi" {Dex+3 Int+1}
Res.Poison: .       Res.Corr.  : +   u - +2 wizard hat {MR}
Res.Elec. : .       Clarity    : .   i - +2 cloak {rCorr, Cons}
Sust.Abil.: . .     Spirit.Shd : .   (gloves unavailable)
Res.Mut.  : .       Stasis     : .   (boots unavailable)
Res.Rott. : .       Ctrl.Telep.: x   c - brooch of Shielding {Ward AC+4 EV+4}
Gourmand  : +       Levitation : +   t - ring "Clavu" {Fire Int+5} Ctrl.Flight: +
                                     o - +5 ring of strength

@: flying (expiring), very slow, very resistant to hostile enchantments,
unstealthy
A: unfitting armour, claws 3, blurry vision 1, deformed body, fast metabolism 3,
gourmand, regeneration 2, saprovore 2, tough skin 2, AC +1, Str +1, Dex +1
a: Bend Time, Temporal Distortion, Slouch, Step From Time, Renounce Religion
}: 3/15 runes: barnacled, silver, gossamer


You escaped.
You worshipped Cheibriados.
Cheibriados was extremely pleased with you.
You were not hungry.

You visited 10 branches of the dungeon, and saw 71 of its levels.
You visited 1 bazaar.
You also visited: Trove, Sewer, Ice Cave and Wizlab.

You collected 9510 gold pieces.
You spent 2915 gold pieces at shops.

Inventory:

Hand weapons
 F - a +9 blowgun of evasion
Missiles
 f - 7 darts of dispersal
 k - 10 curare-tipped needles
 p - 7 needles of paralysis
 I - 12 large rocks
 T - 13 javelins of penetration (quivered)
Armour
 i - a +2 cloak of preservation (worn)
 r - a +6 mottled dragon armour (worn)
 u - a +2 wizard hat of magic resistance (worn)
 J - the +5 shield "Uphaehi" (worn) {Dex+3 Int+1}
   (You acquired it on level 6 of the Vaults)

   It affects your intelligence (+1).
   It affects your dexterity (+3).
Magical devices
 d - a wand of teleportation (4)
 g - a wand of cold (1)
 v - a wand of heal wounds (9)
 D - a wand of cold (9)
 G - a wand of teleportation (8)
 H - a wand of digging (2)
 M - a wand of polymorph other (10)
 Y - a wand of disintegration (15)
Comestibles
 z - 6 bread rations
Scrolls
 h - 2 scrolls of recharging
 w - 3 scrolls of teleportation
 y - a scroll of fear
 B - 3 scrolls of identify
 K - a scroll of blinking
 Q - 5 scrolls of remove curse
Jewellery
 b - the ring "Lecuschu" {SustAb rElec rPois rN+}
   (You found it on level 4 of the Lair of Beasts)

   [ring of sustain abilities]

   It insulates you from electricity.
   It protects you from poison.
   It protects you from negative energy.
 c - the brooch of Shielding (around neck) {Ward AC+4 EV+4}
   (You found it on level 1 of the Lair of Beasts)

   [amulet of warding]

   It affects your AC (+4).
   It affects your evasion (+4).
 m - the ring "Hitoigo" {rN+ Str+4}
   (You found it in a treasure trove)

   [ring of life protection]

   It affects your strength (+4).
 n - a +6 ring of evasion
 o - a +5 ring of strength (left claw)
 q - an uncursed amulet of conservation
 t - the ring "Clavu" (right claw) {Fire Int+5}
   (You found it on level 5 of the Spider Nest)

   [ring of fire]

   It affects your intelligence (+5).
 A - an uncursed amulet of stasis
 E - the ring of Warhah {rPois SInv}
   (You found it on level 8 of the Lair of Beasts)

   [ring of poison resistance]

   It enhances your eyesight.
 O - an uncursed ring of protection from cold
 R - the amulet "Rioxa" {rCorr rC+}
   (You found it on level 16 of the Dungeon)

   [amulet of resist corrosion]

   It protects you from cold.
 S - an uncursed amulet of clarity
 V - an uncursed ring of protection from fire
Potions
 x - a potion of curing
 C - 2 potions of agility
 L - a potion of might
 U - a potion of invisibility
 X - 3 potions of heal wounds
Magical staves
 l - an uncursed staff of wizardry
Orbs of Power
 e - the Orb of Zot
Miscellaneous
 a - a plain deck of defence {drawn: 2}
 P - a lantern of shadows
Rods
 N - a +7 rod of destruction [ice] (12/12)
   (You found it on level 4 of the Vaults)
 Z - a +4 rod of warding (14/14)
   (You found it on level 8 of the Vaults)


   Skills:
 * Level 20.6 Fighting
 - Level 12.0 Throwing
 + Level 11.5 Armour
 + Level 17.2 Dodging
 - Level 1.0 Stealth
 - Level 9.0 Shields
 - Level 10.0 Traps & Doors
 O Level 27 Unarmed Combat
 - Level 8.0 Spellcasting
 - Level 2.0 Charms
 - Level 3.0 Summonings
 - Level 15.0 Translocations
 - Level 8.7 Transmutations
 - Level 2.2 Ice Magic
 - Level 9.0 Invocations


You couldn't memorise any spells.
You knew the following spells:

 Your Spells              Type           Power        Failure   Level  Hunger
b - Blink                 Tloc           N/A          0%          2    None
d - Shroud of Golubria    Chrm/Tloc      #######...   1%          2    None
e - Apportation           Tloc           ########..   0%          1    None
f - Portal Projectile     Tloc           #######      0%          2    None
g - Ice Form              Ice/Trmt       ####......   4%          4    None
h - Control Teleport      Chrm/Tloc      #######...   1%          4    None
i - Flight                Chrm/Air       ####......   10%         3    None
j - Phase Shift           Tloc           ########..   1%          5    ###....
k - Passwall              Trmt/Erth      ######....   1%          3    None
m - Summon Butterflies    Summ           #####....    1%          1    None
n - Abjuration            Summ           #####.....   2%          3    None
x - Blade Hands           Trmt           #######...   2%          5    ###....
B - Controlled Blink      Tloc           N/A          8%          7    #######


Dungeon Overview and Level Annotations

Branches:
Dungeon (27/27)            Temple (1/1) D:6             Orc (4/4) D:8
    Elf (3/3) Orc:3          Lair (8/8) D:8          Shoals (5/5) Lair:6
 Spider (5/5) Lair:5        Slime (0/6) Lair:7       Vaults (8/8) D:18
  Blade (0/1) Vaults:4      Crypt (5/5) Vaults:3       Tomb (0/3) Crypt:3
    Zot (5/5) D:27

Altars:
Ashenzari
Cheibriados
Elyvilon
Fedhas
Kikubaaqudgha
Makhleb
Nemelex Xobeh
Okawaru
Sif Muna
Trog
Vehumet
Xom
Yredelemnul
Zin
the Shining One
Beogh
Jiyva

Shops:
D:5: ? D:7: ((?/( D:15: [ D:16: ( Orc:1: ! Orc:4: %(((! Shoals:4: [[ Vaults:2: / Vaults:4: = Vaults:8: *

Portals:
Hell: D:21 D:22 D:23 D:24 D:25 D:26 D:27
Abyss: D:22 D:25 D:26 D:27
Pandemonium: D:22 D:23 D:24 D:26

Annotations
D:14 food
D:16 small stash
Lair:5 exclusion: oklob plant
Lair:6 exclusion: upstairs
Shoals:4 exclusion: oklob plant
Shoals:5 exclusion: oklob plant
Crypt:1 exclusion: curse skull
Crypt:4 exclusion: curse skull


Innate Abilities, Weirdness & Mutations

You are too large for most types of armour.
You have claws for hands.*
Your metabolism is lightning-fast.
You like to eat raw meat.
You heal very quickly.
You can eat rotten meat.
You are covered in fur (AC +1).*
You have very tough skin (AC +2).*
You are agile (Dex +1).
Your vision is a little blurry.
Armour fits poorly on your strangely shaped body.*
Your muscles are strong (Str +1).


Message History

You mangle the tormentor!!
The tormentor is severely wounded.
You block the tormentor's attack. The tormentor completely misses you.
You mangle the tormentor!!
You kill the tormentor!
Cheibriados thoroughly appreciates the change of pace.
Drink which item? (? for menu, Esc to quit)
You feel much better.
Drink which item? (? for menu, Esc to quit)
You feel much better.
Drink which item? (? for menu, Esc to quit)
You feel much better.
There is an open door here.
You feel closer to the material plane.
There is an open door here.
You are firmly grounded in the material plane once more.
You are starting to lose your buoyancy.
There is a staircase leading out of the dungeon here.
Are you sure you want to win?
You have escaped!

▒▒▒▒▒▒▒▒▒▒▒▒ ▒··········▒
▒····(·····▒
▒▒▒▒▒▒▒▒▒▒▒▒▒▒▒▒▒▒▒▒··········▒
····(·························▒
▒▒▒▒▒▒▒▒▒▒▒▒▒▒▒▒▒▒▒▒▒▒▒▒▒·▒▒▒▒▒
▒·▒ ▒·▒ ▒·▒▒▒▒▒▒
▒▒▒▒▒▒▒▒▒▒▒▒▒······▒▒
▒▒▒▒▒▒···@·<·<···▒▒▒▒▒▒···
▒▒▒▒▒·····················▒▒▒▒
▒▒▒···········▒▒▒'▒▒▒·········(·
▒▒······▒▒'▒▒▒'▒▒···▒▒'▒▒▒'▒▒····
▒····▒'▒▒···▒···▒·>·▒···▒···▒▒'▒·
▒··▒▒▒··▒···▒···▒···▒···▒···▒··▒▒
▒▒'▒▒···▒···▒▒·▒▒▒▒▒▒▒·▒▒···▒···▒
▒···▒···▒···▒▒'▒ffPPP▒▒▒▒···▒···▒
▒···▒···▒···▒▒·ffffPffP▒▒·§§▒···▒
▒≈≈≈▒≈≈≈▒≈≈≈▒f·PfffPfPfP▒§≈§▒≈≈≈▒
▒≈≈≈▒≈≈≈▒≈≈≈▒fP·fP8PPPfP▒≈§≈▒≈§≈▒


There were no monsters in sight!

Vanquished Creatures
  3 pandemonium lords
  4 ancient liches
  8 orbs of fire
  Saint Roka (Vaults:4)
  Norris (Elf:3)
  Mara (Crypt:3)
  3 Killer Klowns
  Mennas (Vaults:6)
  2 large abominations
  4 golden dragons
  Xtahua (D:22)
  Frederick (D:27)
  4 electric golems
  2 Hell Sentinels
  Nikola (D:15)
  10 tentacled monstrosities
  2 deep elf blademasters (Elf:3)
  18 Orb Guardians (Zot:5)
  6 titans
  4 liches
  16 shadow dragons
  14 storm dragons
  3 quicksilver dragons
  3 sphinxes
  Kirke (D:14)
  An Ice Fiend (IceCv)
  Rupert (D:18)
  Agnes (D:15)
  Frances (Shoals:2)
  A Shadow Fiend (Zot:5)
  Roxanne (Shoals:2)
  8 draconian knights
  2 Executioners
  5 draconian monks
  Aizul (Shoals:2)
  Ilsuiw (Shoals:5)
  4 ghost moths
  A ghoul (Crypt:2)
  Donald (Shoals:3)
  6 frost giants
  Wiglaf (Vaults:4)
  10 bone dragons
  An azure jelly (shapeshifter) (D:23)
  3 draconian scorchers
  5 draconian zealots
  Maud (Shoals:1)
  2 orc warlords
  Gastronok (D:11)
  6 draconian shifters
  45 stone giants
  3 draconian annihilators
  6 fire giants
  5 grey draconians
  A curse skull (Crypt:3)
  A draconian caller (Zot:1)
  3 emperor scorpions (Spider:5)
  8 green draconians
  8 purple draconians
  9 yellow draconians
  2 green deaths
  8 dire elephants (D:24)
  11 deep elf annihilators
  10 pale draconians
  5 red draconians
  6 deep elf sorcerers
  Azrael (D:15)
  A vampire knight (Crypt:2)
  6 deep elf death magi
  The ghost of mursu the Brawler, a powerful TrWr of Cheibriados (D:13)
  10 black draconians
  8 mottled draconians
  6 white draconians
  2 deep elf master archers (Elf:3)
  15 ettins
  2 spriggan air magi (D:27)
  4 great orbs of eyes
  2 blizzard demons (Elf:3)
  54 yaktaur captains
  2 storm dragon zombies
  36 vault guards
  An ettin (shapeshifter) (D:25)
  2 sirens
  2 storm dragon skeletons
  11 dragons
  8 death cobs
  3 merfolk aquamancers (Shoals:5)
  Fannar (D:14)
  3 draconians (shapeshifter)
  Harold (Orc:2)
  Josephine (Orc:2)
  An ice dragon (shapeshifter) (D:25)
  2 ravenous feature mimics
  13 ogre magi
  4 merfolk javelineers (Shoals:5)
  Polyphemus (Shoals:1)
  11 ice dragons
  A dancing weapon (D:26)
  6 hydras
  10 deep elf demonologists (Elf:3)
  An alligator snapping turtle (Shoals:2)
  20 deep trolls
  9 death yaks
  4 rakshasas
  2 anacondas (shapeshifter)
  7 merfolk impalers (Shoals:5)
  3 fire giant zombies
  2 orc high priests
  4 stone giant zombies
  3 deep elf high priests
  Nergalle (Elf:2)
  9 very ugly things
  A catoblepas (Vaults:1)
  2 frost giant skeletons
  2 elf skeletons
  6 stone giant skeletons
  A fire giant skeleton (Vaults:8)
  A shadow wraith (Crypt:3)
  30 centaur warriors
  2 unseen horrors
  A giant orange brain (Vaults:4)
  2 soul eaters (Elf:3)
  A vapour (D:14)
  A death drake (shapeshifter) (Vaults:8)
  26 skeletal warriors
  5 ice devils
  15 deep elf knights
  A green draconian zombie (Crypt:1)
  6 iron trolls
  33 orc knights
  11 sea snakes
  2 hill giants (shapeshifter)
  A yellow draconian zombie (Crypt:1)
  9 flayed ghosts
  3 ice statues
  A death yak zombie (Shoals:2)
  18 hill giants
  5 lindwurms
  10 giant amoebae
  A guardian serpent (shapeshifter) (D:25)
  A grey draconian skeleton (Crypt:2)
  48 wolf spiders
  A giant amoeba (shapeshifter) (D:20)
  Joseph (D:11)
  2 wizards
  An elf (shapeshifter) (Vaults:3)
  A siren zombie (Crypt:3)
  32 harpies
  A flaming corpse (Crypt:4)
  A wolf spider (shapeshifter) (Vaults:8)
  2 hydra zombies
  A griffon (shapeshifter) (Vaults:8)
  9 statues
  10 orc sorcerers
  5 sixfirhies
  2 necromancers
  6 griffons
  A wolf spider simulacrum (D:18)
  7 spiny worms
  15 cyclopes
  A shining eye (shapeshifter) (D:25)
  2 guardian serpents
  28 moths of wrath
  4 black mambas
  6 phantasmal warriors
  Maurice (D:10)
  7 red wasps
  A fire crab (shapeshifter) (Vaults:1)
  A hydra skeleton (Crypt:4)
  2 griffon zombies (D:21)
  2 dragon zombies
  4 elephant slugs
  5 ettin zombies
  2 fire crabs
  A harpy skeleton (Vaults:1)
  4 ettin skeletons
  2 slime creatures (shapeshifter)
  An elephant (shapeshifter) (Vaults:8)
  2 orange demons (D:18)
  99 slime creatures
  A spiny worm zombie (D:13)
  12 rock trolls
  2 griffon skeletons
  A queen ant (Spider:4)
  20 elephants
  3 spiny frogs
  A tormentor (D:1)
  2 dragon skeletons (Vaults:1)
  3 hellwings
  68 yaktaurs
  2 yaktaurs (shapeshifter)
  A hill giant zombie (Crypt:2)
  2 ice dragon skeletons
  11 elf zombies
  154 ugly things
  A giant firefly zombie (Crypt:2)
  7 mermaids
  An iron devil (Zot:4)
  8 komodo dragons
  2 smoke demons
  17 demonic crawlers
  2 queen bees
  A silent spectre (Crypt:2)
  4 spriggans (shapeshifter)
  Sonja (D:11)
  A hill giant skeleton (D:14)
  28 trolls
  2 deep troll zombies
  2 baby alligator zombies
  23 human zombies (WizLab)
  12 snapping turtles
  2 polar bears
  A troll (shapeshifter) (Vaults:1)
  4 rock troll zombies
  A raven skeleton (Crypt:4)
  A giant leech (shapeshifter) (Vaults:8)
  9 blink frogs
  A baby alligator skeleton (Crypt:4)
  20 two-headed ogres
  An ettin simulacrum (D:21)
  2 rock troll skeletons
  A rotting hulk (Crypt:2)
  3 deep troll skeletons
  An octopode (shapeshifter) (Vaults:1)
  A lindwurm zombie (Crypt:2)
  10 wraiths
  A tarantella (shapeshifter) (D:16)
  26 tarantellas
  5 basilisks
  3 vampires
  34 jumping spiders
  5 hungry ghosts
  19 deep elf conjurers
  3 hogs (D:14)
  4 blue devils
  2 ynoxinuls (Elf:3)
  14 sharks
  19 hippogriffs
  Eustachio (D:5)
  9 bumblebees
  28 vampire mosquitoes
  2 merfolk (shapeshifter) (D:21)
  2 chaos spawn
  An elephant skeleton (Crypt:2)
  A wyvern (Lair:2)
  57 redbacks
  A steam dragon (D:11)
  2 swamp dragon skeletons (Crypt:4)
  2 fire elementals (D:15)
  Grum (Orc:2)
  A redback (shapeshifter) (D:25)
  49 yaks
  18 deep elf fighters
  30 trapdoor spiders
  9 war dogs
  A hog zombie (Crypt:2)
  21 orb spiders
  45 merfolk
  5 water elementals (Shoals:5)
  A clay golem (Vaults:1)
  A hog skeleton (Crypt:2)
  A fire drake (shapeshifter) (D:25)
  11 deep elf summoners
  3 rock worms (D:21)
  A fire drake (Lair:5)
  The ghost of Xenophon the Sneak, an average SpEn (D:5)
  A golden eye (shapeshifter) (D:19)
  20 soldier ants
  Edmund (D:5)
  3 yaktaur zombies
  A komodo dragon zombie (D:11)
  5 molten gargoyles
  8 mottled dragons
  5 small abominations
  15 manticores
  24 ice beasts
  5 cyclops zombies
  2 hell hounds (D:15)
  23 boulder beetles
  6 deep elf priests
  14 freezing wraiths
  A cyclops skeleton (Vaults:1)
  3 red devils
  9 necrophages
  3 boulder beetle zombies
  3 troll zombies
  56 orc warriors
  2 yellow wasps
  2 hell beasts
  A kobold demonologist (D:20)
  A phantom (D:8)
  2 black bears (Lair:1)
  A human (D:8)
  A rock worm zombie (Crypt:2)
  4 rotting devils
  2 yak zombies
  14 crocodiles
  46 ogres
  A boring beetle (Vaults:8)
  10 giant goldfish
  A boring beetle (shapeshifter) (D:20)
  A bear skeleton (Crypt:2)
  28 centaurs
  Sigmund (D:5)
  A lava worm (D:18)
  A wolf (Lair:3)
  A yaktaur simulacrum (Vaults:4)
  A giant frog zombie (D:18)
  10 water moccasins
  3 big kobolds
  A giant slug (shapeshifter) (Vaults:8)
  36 wargs
  7 giant slugs
  A boring beetle zombie (D:19)
  A brain worm (Vaults:2)
  12 deep elf magi
  A silver statue (Zot:5)
  A water moccasin zombie (D:9)
  4 agate snails
  17 giant frogs
  Blork the orc (D:9)
  A giant frog skeleton (Crypt:1)
  4 troll simulacra (IceCv)
  A two-headed ogre skeleton (Crypt:1)
  4 basilisk skeletons
  2 centaur skeletons (D:14)
  13 wights
  4 elf simulacra (IceCv)
  5 polar bear simulacra (IceCv)
  2 water moccasin skeletons
  A felid zombie (Crypt:3)
  57 killer bees
  3 big kobold zombies
  A killer bee zombie (D:8)
  A lava fish (D:18)
  15 electric eels
  6 jellyfish
  4 quasits
  13 crimson imps
  2 tengu zombies
  2 centaur simulacra (IceCv)
  A deep dwarf skeleton (Crypt:4)
  A basilisk simulacrum (D:21)
  A big kobold skeleton (D:14)
  A soldier ant simulacrum (Vaults:1)
  A hound zombie (D:7)
  4 iron imps
  6 shadows
  A spider (shapeshifter) (Vaults:8)
  3 goliath beetles
  9 big fish
  11 hounds
  35 orc priests
  19 spiders
  2 mottled dragon skeletons
  A hound skeleton (D:6)
  9 porcupines
  12 scorpions
  35 deep elf soldiers
  7 iguanas
  49 orc wizards
  A naga skeleton (Crypt:2)
  39 worker ants
  3 orange rats
  A worker ant zombie (Crypt:1)
  4 ogre simulacra (IceCv)
  40 sheep
  4 jellies
  A jelly (shapeshifter) (D:20)
  11 boggarts
  3 naga simulacra (IceCv)
  5 flying skulls
  2 draconian simulacra (IceCv)
  41 green rats
  5 lemures
  22 adders
  2 adder zombies
  A sheep zombie (Crypt:4)
  An adder skeleton (D:3)
  10 giant centipedes
  9 giant mites
  A halfling zombie (Crypt:3)
  4 shadow imps
  10 white imps
  2 inept feature mimics
  13 worms
  18 ufetubi
  3 grey rats
  A bat skeleton (D:5)
  2 giant eyeballs
  A green rat zombie (Crypt:5)
  7 giant geckos
  A gnoll skeleton (Crypt:1)
  An ooze (shapeshifter) (D:16)
  2 oozes
  281 orcs
  An orc (shapeshifter) (Vaults:8)
  6 giant cockroaches
  23 hobgoblins
  29 jackals
  27 kobolds
  A kobold (shapeshifter) (D:21)
  8 quokkas
  4 ball pythons
  31 bats
  A giant cockroach zombie (Crypt:3)
  A giant gecko zombie (Crypt:2)
  4 giant newts
  2 giant spores
  22 goblins
  A goblin zombie (Orc:2)
  2 grey rat zombies
  3 human simulacra (IceCv)
  13 illusory rakshasas
  2 orc simulacra (IceCv)
  16 orc zombies
  39 rats
  7 ballistomycetes
  A bush (D:13)
  A butterfly (D:21)
  24 fungi
  20 plants
  82 toadstools
3716 creatures vanquished.

Vanquished Creatures (collateral kills)
  A redback (Lair:5)
  A hound (Lair:5)
  2 porcupines (Lair:5)
  A jackal (Lair:5)
  A plant (Lair:5)
6 creatures vanquished.

Vanquished Creatures (others)
  A fire giant (D:21)
  A draconian shifter (Zot:2)
  The ghost of Napkin the Covert, a powerful OpFE of Vehumet (IceCv)
  A centaur warrior (D:20)
  An unseen horror (D:18)
  A harpy (Shoals:3)
  2 slime creatures (D:18)
  A yaktaur (Vaults:5)
  2 ugly things
  A deep elf conjurer (D:27)
  A deep elf fighter (D:23)
  A small abomination (Lair:5)
  An orc priest (D:11)
  An orc wizard (Elf:2)
  2 adders
  6 green rats
  3 white imps (IceCv)
  3 ufetubi (IceCv)
  10 orcs
  A giant cockroach (D:5)
  A hobgoblin (D:11)
  A ball python (D:2)
  A goblin (D:1)
  2 jackals (Lair:4)
  2 kobolds (Vaults:1)
  40 fungi
  34 plants
  718 toadstools
840 creatures vanquished.

Grand Total: 4562 creatures vanquished

Notes
Turn   | Place    | Note
--------------------------------------------------------------
     0 | D:1      | mursu, the Troll Warper, began the quest for the Orb.
     0 | D:1      | Reached XP level 1. HP: 19/19 MP: 1/1
   530 | D:1      | Reached XP level 2. HP: 27/27 MP: 1/1
   728 | D:1      | Reached skill level 3 in Unarmed Combat
  1281 | D:2      | Reached XP level 3. HP: 26/33 MP: 2/2
  1504 | D:2      | Learned a level 2 spell: Blink
  1589 | D:2      | Reached skill level 4 in Unarmed Combat
  1647 | D:2      | Noticed a centaur
  1825 | D:3      | Reached XP level 4. HP: 37/41 MP: 3/3
  1858 | D:2      | Reached skill level 5 in Unarmed Combat
  1936 | D:3      | Reached XP level 5. HP: 48/48 MP: 3/3
  2178 | D:3      | Reached skill level 6 in Unarmed Combat
  2310 | D:2      | Killed a centaur
  2310 | D:2      | Reached skill level 1 in Throwing
  2310 | D:2      | Reached XP level 6. HP: 42/57 MP: 1/4
  3242 | D:3      | Learned a level 2 spell: Portal Projectile
  3660 | D:4      | Found a blossoming altar of Fedhas.
  4097 | D:4      | Reached skill level 1 in Shields
  4313 | D:4      | Learned a level 2 spell: Shroud of Golubria
  4320 | D:5      | Entered Level 5 of the Dungeon
  4320 | D:5      | Found a shattered altar of Ashenzari.
  4324 | D:5      | Got an antique book
  4325 | D:5      | Identified Ashenzari's Handbook of Skeletal Cooking (You found it on level 5 of the Dungeon)
  4360 | D:5      | Noticed Xenophon's ghost (average SpEn)
  4390 | D:5      | Killed Xenophon's ghost
  4390 | D:5      | Reached skill level 7 in Unarmed Combat
  4424 | D:5      | Reached XP level 7. HP: 61/63 MP: 5/5
  4497 | D:5      | Noticed a moth of wrath
  4498 | D:5      | Found a bloodstained altar of Trog.
  4536 | D:5      | Found a white marble altar of Elyvilon.
  4609 | D:5      | Noticed Sigmund
  4812 | D:5      | Learned a level 1 spell: Beastly Appendage
  4898 | D:5      | Killed Sigmund
  4926 | D:5      | Found Amoz's Magic Scroll Boutique.
  5049 | D:5      | Found a glowing drain.
  5104 | Sewer    | Entered a sewer
  5524 | Sewer    | Paralysed by a potion of paralysis for 7 turns
  5628 | D:5      | Reached skill level 8 in Unarmed Combat
  6062 | D:5      | Noticed Edmund
  6079 | D:5      | Killed Edmund
  6079 | D:5      | Reached XP level 8. HP: 71/71 MP: 5/5
  6344 | D:6      | Noticed Eustachio
  6354 | D:5      | Killed Eustachio
  6437 | D:6      | Found a staircase to the Ecumenical Temple.
  6457 | Temple   | Entered the Ecumenical Temple
  6494 | Temple   | Became a worshipper of Cheibriados the Contemplative
  6907 | D:7      | Found a shimmering altar of Xom.
  6909 | D:7      | Found Ixkorchan's Magical Wand Shoppe.
  6955 | D:7      | Found Wevonkid's Antique Weapon Boutique.
  6970 | D:7      | Found Entad's Weapon Emporium.
  6986 | D:7      | Found Umiomant's Magic Scroll Emporium.
  7002 | D:7      | Bought a scroll of fear for 38 gold pieces
  7035 | D:7      | Reached skill level 9 in Unarmed Combat
  7149 | D:7      | Found a basalt altar of Yredelemnul.
  7276 | D:7      | Acquired Cheibriados's first power
  7304 | D:7      | Reached skill level 5 in Shields
  7365 | D:7      | Gained mutation: Your muscles are strong (Str +1). [potion of gain strength]
  7409 | D:7      | Found Penkew's Antique Weapon Boutique.
  7506 | D:7      | Found a shattered altar of Ashenzari.
  7592 | D:8      | Reached XP level 9. HP: 51/78 MP: 6/6
  7647 | D:8      | Found a staircase to the Lair.
  7845 | D:8      | Paralysed by an orc warrior for 6 turns
  8121 | D:8      | Found an iron altar of Okawaru.
  8207 | D:8      | Found a burning altar of Makhleb.
  8324 | D:8      | Found a staircase to the Orcish Mines.
  8416 | D:8      | Reached skill level 1 in Invocations
  8427 | D:8      | Got an iridescent trident
  8437 | D:8      | Reached skill level 10 in Unarmed Combat
  8491 | D:8      | Noticed an orc knight
  8508 | D:8      | HP: 1/78 [orc knight/orcish long sword (28)]
  8512 | D:8      | Killed an orc knight
  8733 | D:8      | Noticed an orc knight
  8740 | D:8      | Noticed an orc sorcerer
  8772 | D:8      | Acquired Cheibriados's second power
  8796 | Lair:1   | Entered Level 1 of the Lair of Beasts
  9640 | Lair:1   | Reached XP level 10. HP: 55/85 MP: 3/9
  9815 | Lair:2   | Acquired Cheibriados's third power
  9860 | Lair:2   | Acquired Cheibriados's fourth power
  9870 | Lair:2   | Reached skill level 11 in Unarmed Combat
 10044 | Lair:2   | Noticed a spiny frog
 10069 | Lair:2   | Killed a spiny frog
 10750 | Lair:3   | Reached skill level 5 in Dodging
 10758 | Lair:3   | Reached XP level 11. HP: 97/97 MP: 8/11
 11669 | Lair:4   | Noticed a five-headed hydra
 11712 | Lair:4   | Lost mutation: Your muscles are strong (Str +1). [potion of cure mutation]
 11825 | Lair:4   | Identified the cursed +9,+3 trident of Zin's Supremacy (You found it on level 8 of the Dungeon)
 12009 | Lair:4   | Found a white marble altar of Elyvilon.
 12011 | Lair:4   | Found a glowing silver altar of Zin.
 12031 | Lair:4   | Found a glowing golden altar of the Shining One.
 12277 | Lair:2   | Reached skill level 5 in Invocations
 12385 | D:7      | Bought a scroll of remove curse for 33 gold pieces
 12480 | D:8      | Found a sparkling altar of Nemelex Xobeh.
 12614 | D:8      | Reached skill level 1 in Transmutations
 12860 | Lair:1   | Learned a level 4 spell: Ice Form
 12953 | Lair:4   | Noticed a lindwurm
 12953 | Lair:4   | Noticed a lindwurm
 12965 | Lair:4   | Noticed a lindwurm
 12965 | Lair:4   | Noticed a lindwurm
 12969 | Lair:4   | Killed a lindwurm
 12969 | Lair:4   | Reached skill level 5 in Fighting
 12969 | Lair:4   | Reached skill level 1 in Traps & Doors
 12973 | Lair:4   | Killed a lindwurm
 12977 | Lair:4   | Killed a lindwurm
 12989 | Lair:4   | Killed a lindwurm
 13018 | Lair:4   | Got a slimy bone ring
 13022 | Lair:4   | Got a bloodstained robe
 13029 | Lair:4   | Identified the ring "Lecuschu" (You found it on level 4 of the Lair of Beasts)
 13125 | Lair:5   | Found a hole to the Spider Nest.
 13137 | Lair:5   | Reached skill level 12 in Unarmed Combat
 13255 | Lair:5   | Noticed a death yak
 13256 | Lair:5   | Noticed a death yak
 13256 | Lair:5   | Noticed a death yak
 13256 | Lair:5   | Noticed a death yak
 13265 | Lair:5   | Noticed a death yak
 13268 | Lair:5   | Noticed a death yak
 13276 | Lair:4   | Killed a death yak
 13322 | Lair:5   | Killed a death yak
 13345 | Lair:5   | Killed a death yak
 13345 | Lair:5   | Reached XP level 12. HP: 91/109 MP: 16/16
 13366 | Lair:4   | Killed a death yak
 13570 | Lair:5   | Noticed an ice statue
 13652 | Lair:5   | Killed an ice statue
 13652 | Lair:5   | Reached skill level 1 in Ice Magic
 13938 | Lair:5   | Killed a death yak
 13956 | Lair:5   | Killed a death yak
 14372 | Lair:6   | Found a staircase to the Shoals.
 14941 | Lair:7   | Reached skill level 13 in Unarmed Combat
 15261 | Lair:7   | Found a viscous altar of Jiyva.
 15262 | Lair:7   | Found a staircase to the Slime Pits.
 15539 | Lair:7   | Reached XP level 13. HP: 119/119 MP: 15/18
 15607 | Lair:7   | Identified the +2 robe of Honesty (You found it on level 4 of the Lair of Beasts)
 15756 | Lair:7   | Learned a level 4 spell: Control Teleport
 15757 | Lair:8   | Entered Level 8 of the Lair of Beasts
 16544 | Lair:8   | Reached skill level 14 in Unarmed Combat
 17038 | Lair:8   | Got a steaming ivory ring
 17360 | Lair:4   | Killed a five-headed hydra
 17481 | Lair:1   | Identified the ring of Warhah (You found it on level 8 of the Lair of Beasts)
 17542 | D:8      | Reached skill level 5 in Traps & Doors
 17559 | D:8      | Noticed an orc knight
 17579 | D:8      | Killed an orc knight
 17677 | D:8      | Killed an orc knight
 17690 | D:8      | Got a crystal mace
 17745 | D:8      | Killed an orc sorcerer
 17899 | Orc:1    | Entered Level 1 of the Orcish Mines
 18119 | Orc:1    | Found Strar Cee's Distillery.
 18398 | Orc:2    | Noticed Harold
 18416 | Orc:2    | Killed Harold
 18423 | Orc:2    | Noticed Josephine
 18427 | Orc:2    | Killed Josephine
 18563 | Orc:2    | Noticed Grum
 18681 | Orc:2    | Killed Grum
 18950 | Orc:3    | Found a staircase to the Elven Halls.
 19526 | Orc:4    | Entered Level 4 of the Orcish Mines
 19532 | Orc:4    | Found Phuboadgh's Distillery.
 20114 | Orc:4    | Found Smyimn's Weapon Shoppe.
 20114 | Orc:4    | Found Hiomal's Weapon Boutique.
 20397 | Orc:4    | Found Ozoedy's Weapon Boutique.
 20399 | Orc:4    | Found Ilaum's Food Shoppe.
 20400 | Orc:4    | Paralysed by an orc sorcerer for 6 turns
 20410 | Orc:4    | Reached skill level 15 in Unarmed Combat
 20485 | Orc:4    | Found a roughly hewn altar of Beogh.
 20687 | Lair:1   | Identified the mace of Mourning {drain, *Rage Str+3} (You took it off an orc warrior on level 8 of the Dungeon)
 20956 | D:9      | Noticed Blork the orc
 20965 | D:9      | Killed Blork the orc
 21252 | D:9      | Noticed a draconian
 21261 | D:9      | Killed a draconian
 21305 | D:10     | Entered Level 10 of the Dungeon
 21323 | D:10     | Noticed Maurice
 21359 | D:10     | Killed Maurice
 21500 | D:10     | Identified a scroll of acquirement
 22025 | D:11     | Noticed Sonja
 22025 | D:11     | Killed Sonja
 22193 | D:11     | Found a portal to a secret trove of treasure.
 22237 | D:11     | Noticed Joseph
 22251 | D:11     | Killed Joseph
 22278 | D:11     | Noticed Gastronok
 22289 | D:11     | Killed Gastronok
 22289 | D:11     | Reached XP level 14. HP: 132/132 MP: 17/18
 23605 | D:12     | Reached skill level 5 in Throwing
 23664 | D:13     | Noticed mursu's ghost (powerful TrWr)
 23694 | D:13     | Killed mursu's ghost
 24549 | D:14     | Entered Level 14 of the Dungeon
 24572 | D:14     | Noticed Fannar
 24580 | D:14     | Killed Fannar
 24580 | D:14     | Reached skill level 16 in Unarmed Combat
 24738 | D:14     | Found an iron altar of Okawaru.
 24866 | D:14     | Reached skill level 10 in Dodging
 25056 | D:14     | Learned a level 3 spell: Flight
 25426 | D:14     | Noticed Kirke
 25436 | D:14     | Killed Kirke
 25783 | D:15     | Entered Level 15 of the Dungeon
 25789 | D:15     | Noticed Agnes
 25794 | D:15     | Killed Agnes
 25794 | D:15     | Reached XP level 15. HP: 140/143 MP: 13/21
 25931 | D:15     | Noticed Nikola
 25945 | D:15     | Killed Nikola
 25945 | D:15     | Reached skill level 5 in Translocations
 26128 | D:15     | Noticed Azrael
 26131 | D:15     | Killed Azrael
 26191 | D:15     | Reached skill level 10 in Fighting
 26309 | D:15     | Found Shradosa's Antique Armour Emporium.
 26764 | D:16     | Found Gonaxet's Weapon Shoppe.
 26993 | D:16     | Reached skill level 1 in Armour
 27253 | D:16     | Noticed a shadow dragon
 27273 | D:16     | Killed a shadow dragon
 27295 | D:16     | Reached skill level 17 in Unarmed Combat
 27361 | D:16     | Got a twitching bronze amulet
 27364 | D:16     | Identified the amulet "Rioxa" (You found it on level 16 of the Dungeon)
 28075 | D:17     | Found a flickering gateway to a bazaar.
 28081 | Bazaar   | Entered a bazaar
 28086 | Bazaar   | Found Uruuskap's General Store.
 28104 | Bazaar   | Found Gufacsai's Antique Weapon Shoppe.
 28121 | Bazaar   | Found Owey's Weapon Boutique.
 28138 | Bazaar   | Found Aceh's Antique Armour Emporium.
 28169 | Bazaar   | Bought a scroll of teleportation for 45 gold pieces
 28169 | Bazaar   | Bought a scroll of identify for 30 gold pieces
 28366 | D:17     | Gained mutation: You are agile (Dex +1). [potion of gain dexterity]
 28667 | D:18     | Reached XP level 16. HP: 133/153 MP: 21/21
 28690 | D:18     | Found an ancient bone altar of Kikubaaqudgha.
 28710 | D:18     | Noticed Rupert
 28778 | D:18     | Found a staircase to the Vaults.
 29208 | D:18     | Killed Rupert
 29663 | D:18     | Learned a level 5 spell: Phase Shift
 30194 | D:18     | Reached skill level 1 in Stealth
 30260 | Vaults:1 | Entered Level 1 of the Vaults
 30491 | Vaults:1 | Found a frozen archway.
 30506 | IceCv    | Entered an ice cave
 30777 | IceCv    | Noticed Napkin's ghost (powerful OpFE)
 30825 | IceCv    | Killed Napkin's ghost
 31074 | IceCv    | Noticed an Ice Fiend
 31082 | IceCv    | Killed an Ice Fiend
 31127 | IceCv    | Got a faintly glowing staff
 31166 | IceCv    | Identified the staff of Juumemot {venom, +Blink} (You found it in an ice cave)
 31793 | Vaults:1 | Reached skill level 18 in Unarmed Combat
 31911 | Vaults:1 | Reached XP level 17. HP: 159/163 MP: 22/22
 31970 | Vaults:1 | Noticed a quicksilver dragon
 31974 | Vaults:1 | Killed a quicksilver dragon
 32091 | Vaults:1 | Got a steaming bronze ring
 32139 | Vaults:1 | Identified the ring "Thriod" (You found it on level 1 of the Vaults)
 32225 | Vaults:1 | Noticed a titan
 32232 | Vaults:1 | Killed a titan
 32879 | Spider:1 | Entered Level 1 of the Spider Nest
 34423 | Spider:3 | Reached skill level 5 in Transmutations
 35392 | Spider:4 | Reached XP level 18. HP: 175/175 MP: 20/23
 35486 | Spider:5 | Entered Level 5 of the Spider Nest
 35760 | Spider:5 | Gained mutation: Your muscles are strong (Str +1). [potion of gain strength]
 35830 | Spider:5 | Got a pitted silver ring
 35831 | Spider:5 | Identified the ring "Clavu" (You found it on level 5 of the Spider Nest)
 36180 | Spider:5 | Reached skill level 5 in Spellcasting
 36325 | Spider:5 | Reached skill level 10 in Throwing
 36340 | Spider:5 | Reached skill level 19 in Unarmed Combat
 36967 | Spider:5 | Got a gossamer rune of Zot
 37284 | Shoals:1 | Entered Level 1 of the Shoals
 37403 | Shoals:1 | Noticed Maud
 37408 | Shoals:1 | Killed Maud
 37730 | Shoals:1 | Noticed Polyphemus
 37755 | Shoals:1 | Killed Polyphemus
 37828 | Shoals:1 | Reached skill level 1 in Charms
 38087 | Shoals:2 | Noticed Roxanne
 38098 | Shoals:2 | Killed Roxanne
 38145 | Shoals:2 | Noticed Frances
 38153 | Shoals:2 | Killed Frances
 38269 | Shoals:2 | Noticed Aizul
 38288 | Shoals:2 | Killed Aizul
 38288 | Shoals:2 | Reached XP level 19. HP: 148/184 MP: 21/25
 38325 | Shoals:2 | Got a blackened book
 38326 | Shoals:2 | Identified the Handbook of Combat Magic and the Snowflakes (You found it on level 2 of the Shoals)
 38611 | Shoals:2 | Upgraded the game from 0.11.2-3-gc26df3e to 0.11.2-9-g588ca46
 38741 | Shoals:3 | Noticed Donald
 38755 | Shoals:3 | Killed Donald
 39271 | Shoals:4 | Found a shimmering altar of Xom.
 39357 | Shoals:4 | Found Smiugiah's Antique Armour Shoppe.
 39366 | Shoals:4 | Bought an embroidered cloak for 30 gold pieces
 39544 | Shoals:4 | Found Yzeufuek's Armour Emporium.
 39708 | Shoals:5 | Entered Level 5 of the Shoals
 39813 | Shoals:5 | Noticed Ilsuiw
 39862 | Shoals:5 | Killed Ilsuiw
 40321 | Shoals:5 | Got a rare book
 40322 | Shoals:5 | Identified the Disquisition on Earth (You found it on level 5 of the Shoals)
 40609 | Shoals:5 | Got a barnacled rune of Zot
 41170 | Lair:1   | Learned a level 5 spell: Blade Hands
 41866 | Vaults:2 | Found Straojai's Magical Wand Shoppe.
 42018 | Vaults:2 | Reached skill level 20 in Unarmed Combat
 42556 | Vaults:3 | Found a staircase to the Crypt.
 42820 | Vaults:4 | Reached XP level 20. HP: 197/197 MP: 26/26
 42829 | Vaults:4 | Found Omuklan's Jewellery Boutique.
 43119 | Vaults:4 | Noticed Wiglaf
 43126 | Vaults:4 | Killed Wiglaf
 43141 | Vaults:4 | Found a staircase to the Hall of Blades.
 43697 | Vaults:4 | Noticed a lich
 43719 | Vaults:4 | Killed a lich
 43825 | Vaults:4 | Noticed a titan
 43843 | Vaults:4 | Killed a titan
 43858 | Vaults:4 | Noticed Saint Roka
 43867 | Vaults:4 | Killed Saint Roka
 44131 | Vaults:4 | Got an ancient morningstar
 44172 | Vaults:4 | Identified the morningstar of the Boar {antimagic, +Lev rC+ Str+3 Int+1 SInv} (You took it off an orc on level 4 of the Vaults)
 44330 | Vaults:4 | Identified a +7 rod of destruction [ice] (12/12) (You found it on level 4 of the Vaults)
 44772 | Vaults:5 | Reached XP level 21. HP: 191/206 MP: 28/28
 45290 | Vaults:6 | Noticed Mennas
 45309 | Vaults:6 | Killed Mennas
 45963 | Vaults:6 | Got a faintly humming shield
 45986 | Vaults:6 | Identified the +5 shield "Uphaehi" (You acquired it on level 6 of the Vaults)
 46182 | Vaults:6 | Found a glowing silver altar of Zin.
 46437 | Vaults:7 | Reached skill level 21 in Unarmed Combat
 46847 | Vaults:7 | Found a magical portal.
 46855 | WizLab   | Entered a wizard's laboratory
 47129 | WizLab   | Noticed an antique lich
 47133 | WizLab   | Killed an antique lich
 48052 | D:5      | Bought a scroll of enchant armour for 60 gold pieces
 48052 | D:5      | Bought a scroll of enchant armour for 60 gold pieces
 48200 | Trove    | Entered a treasure trove
 48222 | Trove    | Got a faintly glowing giant club
 48232 | Trove    | Got a crude glass ring
 48243 | Trove    | Identified the ring "Hitoigo" (You found it in a treasure trove)
 48371 | Elf:1    | Entered Level 1 of the Elven Halls
 48487 | Orc:3    | Identified the giant club of Somifas {crush, Contam+ rPois Dex+3 Stlth+} (You found it in a treasure trove)
 49557 | Elf:2    | Reached XP level 22. HP: 214/218 MP: 19/28
 49745 | Elf:2    | Noticed Nergalle
 49748 | Elf:2    | Killed Nergalle
 49894 | Elf:3    | Entered Level 3 of the Elven Halls
 50306 | Elf:3    | Noticed Norris
 50325 | Elf:3    | Killed Norris
 51211 | Elf:3    | Got a sparkling book
 51212 | Elf:3    | Identified Sif Muna's Compendium of Lethal Feathers (You found it on level 3 of the Elven Halls)
 51247 | Elf:3    | Got a torn book
 51248 | Elf:3    | Identified the Reference Book on Fascination and Ice (You found it on level 3 of the Elven Halls)
 51274 | Elf:3    | Got a shimmering blowgun
 51498 | Orc:3    | Identified the cursed blowgun of Winter {speed, rC++ rN+ Stlth+} (You found it on level 3 of the Elven Halls)
 51530 | Orc:3    | Identified a +3 rod of striking (7/7) (You took it off a deep elf demonologist on level 3 of the Elven Halls)
 51884 | Crypt:1  | Entered Level 1 of the Crypt
 52394 | Crypt:3  | Noticed Mara
 52402 | Crypt:3  | Killed Mara
 52753 | Crypt:3  | Found a staircase to the Tomb.
 52917 | Crypt:4  | Reached skill level 22 in Unarmed Combat
 53073 | Crypt:5  | Entered Level 5 of the Crypt
 53727 | D:19     | Reached XP level 23. HP: 228/228 MP: 29/29
 54475 | D:19     | Learned a level 3 spell: Passwall
 54478 | D:19     | Learned a level 1 spell: Summon Small Mammals
 54622 | D:20     | Entered Level 20 of the Dungeon
 54747 | D:20     | Got a black opal-encrusted storm dragon armour
 54759 | D:20     | Identified the +5 storm dragon armour of the Hurricane (You acquired it on level 20 of the Dungeon)
 56358 | D:21     | Found a glowing golden altar of the Shining One.
 56359 | D:21     | Found a glowing golden altar of the Shining One.
 56359 | D:21     | Found a white marble altar of Elyvilon.
 56938 | D:21     | Found a gateway to Hell.
 57118 | D:21     | Noticed a lich
 57121 | D:21     | Killed a lich
 57148 | D:21     | Reached skill level 10 in Traps & Doors
 57350 | D:21     | Reached XP level 24. HP: 217/241 MP: 26/30
 57463 | D:22     | Found a one-way gate to the infinite horrors of the Abyss.
 57512 | D:22     | Noticed Xtahua
 57525 | D:22     | Killed Xtahua
 57604 | D:22     | Found a one-way gate leading to the halls of Pandemonium.
 58416 | D:23     | Reached skill level 23 in Unarmed Combat
 59281 | D:24     | Reached skill level 15 in Fighting
 59595 | D:24     | Reached skill level 15 in Dodging
 60329 | D:25     | Entered Level 25 of the Dungeon
 60860 | D:25     | Gained mutation: You are dopey (Int -1). [a shining eye]
 60959 | D:25     | Reached skill level 1 in Summonings
 61010 | D:25     | Reached XP level 25. HP: 183/253 MP: 25/30
 61218 | D:25     | Got a droning book
 61219 | D:25     | Identified the Papyrus of the Ancient Seas (You found it on level 25 of the Dungeon)
 61510 | D:26     | Reached skill level 24 in Unarmed Combat
 62259 | D:27     | Entered Level 27 of the Dungeon
 63204 | D:27     | Got a heavily runed fire dragon armour
 63240 | D:27     | Noticed Frederick
 63246 | D:27     | Killed Frederick
 63295 | D:27     | Identified the cursed +3 fire dragon armour of the Big Bang (You found it on level 27 of the Dungeon)
 63346 | D:27     | Found a radiant altar of Vehumet.
 63426 | D:27     | Got a sparkling book
 63427 | D:27     | Identified the Collected Works on the Supportive Voyage (You found it on level 27 of the Dungeon)
 63429 | D:27     | Learned a level 1 spell: Summon Butterflies
 63433 | D:27     | Learned a level 3 spell: Abjuration
 64124 | Vaults:8 | Entered Level 8 of the Vaults
 64207 | Vaults:7 | Reached XP level 26. HP: 241/266 MP: 15/32
 64435 | Vaults:8 | Reached skill level 5 in Armour
 64511 | Vaults:8 | Reached skill level 25 in Unarmed Combat
 64593 | Vaults:8 | Found Priudaih's Assorted Antiques.
 65011 | Vaults:8 | Got a crude robe
 65094 | Vaults:7 | Identified the cursed -3 robe "Mutaitas" (You found it on level 8 of the Vaults)
 65477 | Vaults:8 | Got a silver rune of Zot
 65482 | Vaults:8 | Got a colourful book
 65483 | Vaults:8 | Identified the Compendium of Dark Rites and the Escort (You found it on level 8 of the Vaults)
 66003 | Vaults:8 | Reached XP level 27. HP: 278/278 MP: 34/34
 66191 | Vaults:8 | Identified a +7 rod of destruction [inacc,magma,cold] (10/10) (You took it off a yaktaur captain on level 8 of the Vaults)
 66193 | Vaults:8 | Identified a +4 rod of warding (14/14) (You found it on level 8 of the Vaults)
 66198 | Vaults:8 | Got a black book
 66199 | Vaults:8 | Identified Dispater's Compendium of the Rocks (You found it on level 8 of the Vaults)
 66389 | Vaults:8 | Bought a faintly humming fire dragon armour for 2160 gold pieces
 66389 | Vaults:8 | Bought a scroll of identify for 54 gold pieces
 66389 | Vaults:8 | Bought a metal-bound book for 405 gold pieces
 66398 | Vaults:8 | Identified the +1 fire dragon armour "Wotemykk" (You bought it in a shop on level 8 of the Vaults)
 66590 | Vaults:1 | Learned a level 7 spell: Controlled Blink
 67062 | Zot:1    | Entered Level 1 of the Realm of Zot
 67155 | Zot:1    | Reached skill level 26 in Unarmed Combat
 67600 | Zot:1    | Reached skill level 10 in Translocations
 67661 | Zot:1    | Noticed an orb of fire
 67669 | Zot:1    | Killed an orb of fire
 68287 | Zot:2    | Noticed an orb of fire
 68293 | Zot:2    | Gained mutation: Armour fits poorly on your strangely shaped body. [an orb of fire]
 68300 | Zot:2    | Killed an orb of fire
 68689 | Zot:2    | Identified a +2 cloak of preservation (You took it off a pale draconian on level 2 of the Realm of Zot)
 68866 | Zot:2    | Noticed an orb of fire
 68876 | Zot:2    | Lost mutation: You are dopey (Int -1). [an orb of fire]
 68880 | Zot:2    | Killed an orb of fire
 68982 | Zot:2    | Noticed an orb of fire
 68997 | Zot:2    | Killed an orb of fire
 68997 | Zot:2    | Reached skill level 27 in Unarmed Combat
 69763 | Zot:3    | Noticed a Killer Klown
 69795 | Zot:3    | Killed a Killer Klown
 71064 | Zot:5    | Entered Level 5 of the Realm of Zot
 71438 | Zot:5    | Reached skill level 15 in Translocations
 71465 | Zot:5    | Noticed an ancient lich
 71474 | Zot:5    | Killed an ancient lich
 71505 | Zot:5    | Noticed an ancient lich
 71507 | Zot:5    | Killed an ancient lich
 71714 | Zot:5    | Noticed an ancient lich
 71725 | Zot:5    | Killed an ancient lich
 71727 | Zot:5    | Noticed an orb of fire
 71733 | Zot:5    | Noticed an orb of fire
 71733 | Zot:5    | Gained mutation: Your vision is a little blurry. [an orb of fire]
 71735 | Zot:5    | Killed an orb of fire
 71736 | Zot:5    | Killed an orb of fire
 71736 | Zot:5    | Reached skill level 10 in Armour
 71737 | Zot:5    | Noticed a Killer Klown
 71739 | Zot:5    | Killed a Killer Klown
 72131 | Zot:5    | Noticed an orb of fire
 72133 | Zot:5    | Noticed an orb of fire
 72137 | Zot:5    | Noticed a Killer Klown
 72139 | Zot:5    | Killed an orb of fire
 72139 | Zot:5    | Killed an orb of fire
 72147 | Zot:5    | Killed a Killer Klown
 72350 | Zot:5    | Got the Orb of Zot
 72360 | Zot:5    | Noticed Riops the pandemonium lord
 72369 | Zot:5    | Killed Riops the pandemonium lord
 72804 | D:18     | Noticed Fikulizoe the pandemonium lord
 72819 | D:17     | Killed Fikulizoe the pandemonium lord
 72898 | D:14     | Noticed Subukk the pandemonium lord
 72943 | D:12     | Noticed Jyptadus the pandemonium lord
 72953 | D:12     | Killed Jyptadus the pandemonium lord
 73250 | D:$      | Escaped with the Orb!
